 Dungeon Crawl Stone Soup version 0.22-a0-422-g9628fc8 (webtiles) character file.

641 theanonym the Skirmisher (level 7, -10/56 HPs)
             Began as a Mummy Chaos Knight on May 16, 2018.
             Mangled by a fire vortex (21 damage)
             ... summoned by the capriciousness of Xom
             ... on level 3 of the Dungeon.
             The game lasted 00:08:47 (3677 turns).

theanonym the Skirmisher (Mummy Chaos Knight)       Turns: 3677, Time: 00:08:48

Health: -10/56     AC:  5    Str: 21    XL:     7   Next: 26%
Magic:  7/7        EV: 10    Int: 12    God:    Xom [*.....]
Gold:   123        SH:  0    Dex: 11    Spells: 6/6 levels left

rFire    x . .     SeeInvis +   a - +4 hand axe (flame)
rCold    + . .     Gourm    .   (no shield)
rNeg     + + +     Faith    .   g - +0 ring mail
rPois    ∞         Spirit   .   (no helmet)
rElec    .         Reflect  .   (no cloak)
rCorr    .         Harm     .   (no gloves)
MR       .....                  (no boots)
Stlth    +.........             i - amulet of the acrobat
HPRegen  0.18/turn              j - ring of see invisible
MPRegen  0.10/turn              p - +4 ring of strength (curse)

@: no status effects
A: no food or potions, fire vulnerability, cold resistance 1, negative energy
resistance 3, torment resistance, unbreathing
a: Renounce Religion


Innate Abilities, Weirdness & Mutations

You do not eat or drink.
Your flesh is vulnerable to fire.
You are immune to poison.
Your flesh is cold resistant. (rC+)
You are immune to negative energy. (rN+++)
You are immune to unholy pain and torment.
You can survive without breathing.


   Skills:
 + Level 5.4 Fighting
 * Level 5.2(5.5) Axes
 - Level 2.4(4.1) Maces & Flails
 - Level 1.5 Armour
 - Level 0.7 Dodging


You had 6 spell levels left.
You didn't know any spells.
Your spell library was empty.

Skill      XL: |  1  2  3  4  5  6 |
---------------+-------------------+-----
Axes           | 1 3 5 |  5.2
Fighting       | 4 5 |  5.4
Maces & Flails | |  2.4
Armour         | |  1.5
Dodging        | |  0.7

Action                   |  1- 3 |  4- 6 |  7- 9 || total
-------------------------+-------+-------+-------++-------
Melee: Hand axe          |    88 |    89 |    16 ||   193
       Mace              |     1 |       |       ||     1
  Use: Scroll            |       |     3 |       ||     3
Armor: Leather armour    |    11 |       |       ||    11
       Ring mail         |    24 |    37 |     6 ||    67
Dodge: Dodged            |    51 |    61 |    19 ||   131

Inventory:

Hand Weapons
 a - a +4 hand axe of flaming (weapon)
   (You found it on level 1 of the Dungeon)
 c - a +0 mace of chaos
 d - a cursed -2 mace
   (You found it on level 1 of the Dungeon)
Armour
 b - a +2 leather armour
 g - a +0 ring mail (worn)
   (You found it on level 1 of the Dungeon)
Jewellery
 i - an amulet of the acrobat (around neck)
   (You found it on level 2 of the Dungeon)
 j - a ring of see invisible (left hand)
   (You found it on level 2 of the Dungeon)
 p - a cursed +4 ring of strength (right hand)
   (You found it on level 4 of the Dungeon)
Scrolls
 e - a scroll of immolation
 f - a scroll of noise
 h - a scroll of fog {unknown}
 k - a scroll of enchant weapon
 l - a scroll of blinking {unknown}
 m - a scroll of enchant armour {unknown}
 n - a scroll of remove curse {unknown}
 o - a scroll of teleportation {unknown}


You were on level 3 of the Dungeon.
You worshipped Xom.
You were a special plaything of Xom.
You were not hungry.

You visited 1 branch of the dungeon, and saw 4 of its levels.

You collected 123 gold pieces.

Dungeon Overview and Level Annotations

Branches:
Dungeon (4/15)
 Temple: D:4-7

Altars:
Ashenzari
Nemelex Xobeh
Ru

Annotations:
D:4 Blork the orc

.# #.._..#.# .#
#.#.#...# .#
######.#.###.# .#
#........# #.# .#
#.######## #.# .# #.#
#.# .# #.# #.# .##
#.# #####.####### ..#
#.# #)@§........# #.#
#.# #o###.#####.# #.#
#.# #.# #.# #.# #.#
#.# #.# #.# #.# #.#
#.######.###.# #.#
#.######.#..........#
#.#
.........#.####.#####
#.# #.########.# #.#
#.# #.# #.####.###
#.#


You could see an orc priest.

Notes
Turn   | Place    | Note
-------+----------+-------------------------------------------
     0 | D:1      | theanonym the Mummy Chaos Knight began the quest for the Orb.
     0 | D:1      | Reached XP level 1. HP: 18/18 MP: 1/1
     6 | D:1      | Noticed a black bear
     6 | D:1      | Noticed a six-headed hydra
     6 | D:1      | Noticed an iguana
   117 | D:1      | XOM: divination: detect items
   338 | D:1      | XOM: medium Hex miscast
   406 | D:1      | Reached XP level 2. HP: 24/24 MP: 2/2
   442 | D:1      | XOM: noise
   562 | D:1      | Reached skill level 1 in Axes
   659 | D:1      | XOM: harmless Tmut miscast
   952 | D:2      | XOM is BORED!
   952 | D:2      | XOM: mild Chrm miscast
   960 | D:2      | Found a sparkling altar of Nemelex Xobeh.
   966 | D:2      | Reached XP level 3. HP: 28/29 MP: 3/3
  1214 | D:3      | Found a shattered altar of Ashenzari.
  1288 | D:3      | Reached skill level 2 in Axes
  1586 | D:3      | Noticed Purgy
  1593 | D:3      | XOM: cast spell 'Ring of Flames'
  1594 | D:3      | XOM: divination: detect creatures
  1597 | D:3      | XOM: smoke on damage
  1598 | D:3      | Killed Purgy
  1598 | D:3      | Reached skill level 4 in Fighting
  1598 | D:3      | Reached skill level 3 in Axes
  1598 | D:3      | Reached XP level 4. HP: 25/37 MP: 4/4
  1598 | D:3      | Reached XP level 5. HP: 28/42 MP: 5/5
  2156 | D:3      | Found a sacrificial altar of Ru.
  2428 | D:3      | Reached XP level 6. HP: 33/49 MP: 6/6
  2580 | D:4      | Reached skill level 4 in Axes
  2622 | D:4      | Noticed Blork the orc
  2686 | D:4      | XOM: noise
  2688 | D:3      | XOM: blink monster(s)
  2695 | D:3      | HP: 22/49 [orc wizard/magic dart (6)]
  2974 | D:4      | Noticed Grinder
  3155 | D:4      | Killed Grinder
  3155 | D:4      | Reached skill level 5 in Fighting
  3155 | D:4      | Reached skill level 5 in Axes
  3155 | D:4      | Reached XP level 7. HP: 54/56 MP: 7/7
  3206 | D:4      | XOM: summons friendly iron imp
  3419 | D:4      | HP: 20/56 [orc priest/divine providence (12)]
  3572 | D:3      | XOM: harmless Ice miscast
  3605 | D:3      | XOM: divination: magic mapping
  3607 | D:3      | XOM: mild Summ miscast
  3675 | D:3      | XOM: mild Fire miscast
  3676 | D:3      | HP: 24/56 [fire vortex[the capriciousness of Xom] (31)]
  3676 | D:3      | HP: 11/56 [orc priest/divine providence (13)]
  3677 | D:3      | Mangled by a fire vortex

Vanquished Creatures
  Grinder (D:4)
  Purgy (D:3)
  2 orc priests (D:4)
  6 orc wizards
  A bullfrog skeleton (D:4)
  An adder (D:2)
  3 worms
  2 dart slugs
  3 leopard geckos
  7 orcs
  2 ball pythons (D:3)
  A giant cockroach (D:3)
  3 hobgoblins
  6 jackals
  3 quokkas
  6 bats
  5 frilled lizards
  9 goblins
  2 kobolds (D:3)
  9 rats
73 creatures vanquished.

Vanquished Creatures (collateral kills)
  An orc wizard (D:4)
  3 orcs (D:3)
4 creatures vanquished.

Vanquished Creatures (others)
  A fire vortex (D:3)
1 creature vanquished.

Grand Total: 78 creatures vanquished

Table legend:
 A = Turns spent in this place as a percentage of turns spent in the entire game.
 B = Non-inter-level travel turns spent in this place as a percentage of non-inter-level travel turns spent in the entire game.
 C = Inter-level travel turns spent in this place as a percentage of turns spent in this place.
 D = Turns resting spent in this place as a percentage of non-inter-level travel turns spent in this place.
 E = Turns spent auto-exploring this place as a percentage of non-inter-level travel turns spent in this place.
 F = Non-inter-level travel turns spent in this place divided by the number of levels of this place that you've seen.
                   A       B       C       D       E      F
               +-------+-------+-------+-------+-------+----------------------
         Total | 100.0 | 100.0 |   9.2 |  35.6 |  44.1 | 834.8
       Dungeon | 100.0 | 100.0 |   9.2 |  35.6 |  44.1 | 834.8
               +-------+-------+-------+-------+-------+----------------------
